 Dungeon Crawl Stone Soup version 0.20.0-3-g22ec75f (webtiles) character file.

103 IcySystem the Conjurer (level 4, -1/27 HPs)
             Began as an Octopode Conjurer on May 27, 2017.
             Slain by an orc wizard
             ... wielding a +0 dagger
              (5 damage)
             ... on level 2 of the Dungeon.
             The game lasted 00:08:44 (3393 turns).

IcySystem the Conjurer (Octopode Conjurer)          Turns: 3393, Time: 00:08:44

Health: -1/27      AC:  1    Str:  7    XL:     4   Next: 79%
Magic:  9/10       EV: 13    Int: 18    God:
Gold:   76         SH:  0    Dex: 12    Spells: 10/11 levels left

rFire    . . .     SeeInvis .   l - +1 dagger (venom)
rCold    . . .     Gourm    .   (no shield)
rNeg     . . .     Faith    .   (helmet restricted)
rPois    .         Spirit   .   (no amulet)
rElec    .         Reflect  .   (no ring)
rCorr    .         Harm     .   (no ring)
MR       .....                  (no ring)
Stlth    ++........             (no ring)
Regen    0.1/turn               (no ring)
MPRegen  0.2/turn               (no ring)
                                (no ring)
                                (no ring)

@: confused
A: almost no armour, stealthy swim, amphibious, 8 rings, constrict 8, camouflage
1, gelatinous body 1
a: no special abilities


You were on level 2 of the Dungeon.
You were near starving.

You visited 1 branch of the dungeon, and saw 3 of its levels.

You collected 76 gold pieces.

Inventory:

Hand Weapons
 c - a +1 vampiric whip
 k - a +0 whip
 l - a +1 dagger of venom (weapon)
 n - a +2 mace of holy wrath
Scrolls
 d - 2 scrolls of identify {unknown}
 g - a scroll of immolation {unknown}
 i - a scroll of remove curse {unknown}
 m - a scroll of random uselessness {unknown}
Potions
 e - 2 potions of curing {unknown}
 h - a potion of heal wounds {unknown}
 j - a potion of invisibility {unknown}
 o - a potion of might {unknown}
 p - a potion of mutation {unknown}
Books
 a - a book of Conjurations

   Spells                             Type                      Level
   a - Magic Dart                     Conjuration                  1
   b - Searing Ray                    Conjuration                  2
   c - Dazzling Spray                 Conjuration/Hexes            3
   d - Fulminant Prism                Conjuration/Hexes            4
   e - Force Lance                    Conjuration/Translocation    4
   f - Iskenderun's Mystic Blast      Conjuration                  4
Comestibles
 b - 3 bread rations
 f - a meat ration


   Skills:
 - Level 2.0 Dodging
 - Level 3.0 Stealth
 - Level 0.2 Unarmed Combat
 + Level 4.1 Spellcasting
 + Level 4.2 Conjurations


You had 10 spell levels left.
You knew the following spells:

 Your Spells              Type           Power        Failure   Level  Hunger
a - Magic Dart            Conj           ###.         2%          1    None


Dungeon Overview and Level Annotations

Branches:
Dungeon (3/15)

Altars:
Makhleb
Xom


Innate Abilities, Weirdness & Mutations

You cannot wear most types of armour.
You are very stealthy in the water. (Stealth+)
You are amphibious.
You can wear up to eight rings at the same time.
You can use your tentacles to constrict eight enemies at once.
Your skin changes colour to match your surroundings (Stealth+).
Your rubbery body absorbs attacks. (AC +1, EV +1)


Message History

The orc wizard is poisoned.
The orc wizard is moderately wounded.
The orc wizard hits you but does no damage.
You're too confused to move!
The orc wizard casts a spell at you. The puff of flame hits you!
You miss the orc wizard.
The orc wizard is heavily wounded.
The orc wizard closely misses you. The orc wizard casts a spell at you.
You are more confused.
You closely miss the orc wizard.
The orc wizard is severely wounded.
The orc wizard gestures wildly while chanting.
The orc wizard flickers and vanishes!
You completely miss something. Something hits you.
You barely miss something. Your squeeze misses something. Something hits you.
* * * LOW HITPOINT WARNING * * *
You bump into the rock wall.
Something hits you.
You die...

.##....##.# #...# #.
........#.# ##..# #.
..........# #..# #.
........### #..#############.
.......## #..#.............
....##.# #..#.############
.......# ####..#.# ..).####
#.....#.###### .####
#.#@{[>......####### .#
#.#...#..........[.. .#
#.#####.####.######. .# #.#
#.# #.# #. ## #.# #.# #.# #.
# #.#####.####.## #. #
#####.............# #. #
######...#######.####..# #. #
#......#.........####..#####.


There were no monsters in sight!

Vanquished Creatures
  4 adders
  An ooze (D:2)
  A leopard gecko (D:2)
  4 orcs
  11 bats
  A giant cockroach (D:2)
  4 goblins
  6 hobgoblins
  6 jackals (D:2)
  A quokka (D:3)
  3 frilled lizards
  3 kobolds
  12 rats
57 creatures vanquished.

Notes
Turn   | Place    | Note
-------+----------+-------------------------------------------
     0 | D:1      | IcySystem the Octopode Conjurer began the quest for the Orb.
     0 | D:1      | Reached XP level 1. HP: 11/11 MP: 3/3
   409 | D:1      | Reached XP level 2. HP: 17/17 MP: 1/5
  1140 | D:1      | Reached XP level 3. HP: 21/21 MP: 1/7
  1297 | D:2      | Found a shimmering altar of Xom.
  1810 | D:2      | Reached XP level 4. HP: 27/27 MP: 3/9
  2287 | D:2      | Found a shimmering altar of Xom.
  3032 | D:3      | Found a burning altar of Makhleb.
  3393 | D:2      | Slain by an orc wizard

Skill      XL: |  1  2  3  4 |
---------------+-------------+-----
Stealth        | 3 |  3.0
Spellcasting   | 3 4 |  4.1
Dodging        | |  2.0
Unarmed Combat | |  0.2
Conjurations   | |  4.2

Action                   |  1- 3 |  4- 6 || total
-------------------------+-------+-------++-------
Melee: Unarmed           |    12 |       ||    12
       Constrict         |     8 |     3 ||    11
       Tentacles         |     4 |     2 ||     6
       Club              |     2 |       ||     2
       Whip              |    14 |     3 ||    17
       Dagger            |       |    14 ||    14
 Cast: Magic Dart        |    53 |    58 ||   111
 Stab: Sleeping          |     2 |       ||     2
  Eat: Chunk             |     2 |     4 ||     6
Armor: Skin              |       |     5 ||     5
Dodge: Dodged            |    27 |    28 ||    55
